 Dungeon Crawl Stone Soup version 0.30-a0-305-g026cb31310 (webtiles) character file.

Game seed: 2064966748227915344

458 Lobster4 the Covered (level 7, 0/53 HPs)
             Began as a Human Wanderer on Oct 22, 2022.
             Slain by an ogre
             ... wielding a +0 giant club
              (12 damage)
             ... on level 5 of the Dungeon.
             The game lasted 00:09:46 (3340 turns).

Lobster4 the Covered (Human Wanderer)               Turns: 3340, Time: 00:09:47

Health: 0/53       AC: 15    Str: 12    XL:     7   Next: 27%
Magic:  8/8        EV:  5    Int: 17    God:
Gold:   169        SH:  5    Dex: 13    Spells: 7/8 levels left

rFire   . . .      SeeInvis .    a - +5 whip of Welfare {flame, +Blink rC- Int+3}
rCold   x . .      Faith    .    b - +0 buckler
rNeg    . . .      Spirit   .    d - +0 chain mail
rPois   .          Reflect  .    m - +1 hat
rElec   .          Harm     .    n - +1 cloak
rCorr   .          Rampage  .    w - +1 pair of gloves
Will    .....                    (no boots)
Stlth   ..........               (no amulet)
HPRegen 0.28/turn                (no ring)
MPRegen 0.11/turn                (no ring)

@: no status effects
A: no striking features
a: Evoke Blink


You were on level 5 of the Dungeon.
You visited 1 branch of the dungeon, and saw 5 of its levels.

You collected 169 gold pieces.

Inventory:

Hand Weapons
 a - the +5 whip of Welfare (weapon) {flame, +Blink rC- Int+3}
   (You found it on level 2 of the Dungeon)

   It burns those it strikes, dealing additional fire damage.
   Int:       It affects your intelligence (+3).
   rC:        It makes you vulnerable to cold.
   +Blink:    It lets you blink.
 f - a +0 dagger
 i - a +0 club
 q - a +1 dagger of draining
Missiles
 c - 5 poisoned darts
 y - 3 boomerangs
Armour
 b - a +0 buckler (worn)
 d - a +0 chain mail (worn)
 m - a +1 hat (worn)
 n - a +1 cloak (worn)
 w - a +1 pair of gloves (worn)
Magical Staves
 v - a staff of poison
Scrolls
 h - 5 scrolls of teleportation
 j - 2 scrolls of enchant weapon {unknown}
 r - a scroll of vulnerability {unknown}
 s - 2 scrolls of fog {unknown}
 u - a scroll of fear {unknown}
Potions
 e - a potion of flight {unknown}
 g - a potion of invisibility {unknown}
 k - a potion of cancellation
 l - a potion of magic
 o - a potion of curing
 p - 2 potions of lignification {unknown}


   Skills:
 + Level 3.8 Fighting
 + Level 6.4 Armour
 + Level 4.5 Shields
 - Level 1.0 Spellcasting
 - Level 1.0 Ice Magic
 - Level 1.0 Evocations


You had 7 spell levels left.
You knew the following spells:

 Your Spells              Type           Power      Damage    Failure   Level
a - Freeze                Ice            16%        1d4       99%         1

Your spell library contained the following spells:

 Spells                   Type           Power      Damage    Failure   Level
 Apportation              Tloc           0%         N/A       100%        1
 Cigotuvi's Dreadful Rot  Necr/Pois/Air  0%         N/A       100%        2
 Poisonous Vapours        Pois/Air       0%         N/A       100%        2
 Static Discharge         Conj/Air       0%         2-2/arc   100%        2
 Mephitic Cloud           Conj/Pois/Air  0%         N/A       100%        3
 Ozocubu's Armour         Ice            4%         N/A       100%        3
 Vhi's Electric Charge    Tloc/Air       0%         N/A       100%        3
 Alistair's Intoxication  Tmut/Pois      0%         N/A       100%        5
 Arcjolt                  Conj/Air       0%         1d10      100%        5
 Iskenderun's Battlesphe  Conj           0%         2d6       100%        5
 Lightning Bolt           Conj/Air       0%         1d11      100%        5
 Iron Shot                Conj/Erth      0%         9d1       100%        6
 Spellforged Servitor     Conj/Summ      0%         N/A       100%        7


Dungeon Overview and Level Annotations

Branches:
Dungeon (5/15)
 Temple: D:4-7

Altars:
Ru

Shops:
D:1 ==

Annotations:
D:3 Grinder
D:4 Duvessa, Eustachio


Message History

You continue putting on your +0 pair of gloves. x4
You finish putting on your +0 pair of gloves.
Found a scroll labelled ZUHOCS HORIFE.
s - 2 scrolls labelled ZUHOCS HORIFE (gained 1)
As you read the scroll labelled QAJUN MIMULU, it crumbles to dust.
It is a scroll of enchant armour.
Your +0 pair of gloves glows green for a moment.
You now have 169 gold pieces (gained 7).
You enter the shallow water.
Moving in this stuff is going to be slow.
Done exploring.
Done exploring.
You enter the shallow water.
Moving in this stuff is going to be slow.
Duvessa is nearby!
There is a stone staircase leading down here.
You climb downwards.
There is a stone staircase leading up here.
An ogre comes into view. It is wielding a +0 giant club.
Found a club.
The ogre shouts!
You hit the ogre. You burn the ogre.
The ogre is moderately wounded.
The ogre hits you with a +0 giant club!!
You hit the ogre. You burn the ogre.
The ogre is severely wounded.
The ogre hits you with a +0 giant club!!
* * * LOW HITPOINT WARNING * * *
You barely miss the ogre.
The ogre is severely wounded.
You block the ogre's attack.
You barely miss the ogre.
The ogre is severely wounded.
The ogre hits you with a +0 giant club!
* * * LOW HITPOINT WARNING * * *
You feel better.
You hit the ogre. You burn the ogre.
The ogre is almost dead.
The ogre hits you with a +0 giant club!
You die...

#.......#
#.......#
###...### #...#
#.###
#######.####
...........##.#.
######...#......
#...#@.....#.
......)O######
###......
#.##.### #. #.
#. #. ##


You could see an ogre.

Vanquished Creatures
  Sigmund (D:4)
  A centaur (D:5)
  Blork the orc (D:4)
  Dowan (D:4)
  4 adders
  A worm (D:2)
  A dart slug (D:1)
  4 ball pythons
  7 endoplasms
  4 giant cockroaches
  10 goblins
  7 hobgoblins
  A jackal (D:3)
  7 kobolds
  4 quokkas
  4 bats
  4 frilled lizards
  3 rats (D:1)
65 creatures vanquished.

Vanquished Creatures (others)
  10 demonic plants (D:1)
  A fungus (D:1)
  15 plants
  5 withered plants (D:1)
31 creatures vanquished.

Grand Total: 96 creatures vanquished

Notes
Turn   | Place    | Note
-------+----------+-------------------------------------------
     0 | D:1      | Lobster4 the Human Wanderer began the quest for the Orb.
     0 | D:1      | Lobster4 set off with the following items: a +0 dagger, a
                  | +0 buckler, a potion of berserk rage, a +0 chain mail; and
                  | the following spell memorised: Freeze; and the following
                  | spells available to memorise: Ozocubu's Armour.
     0 | D:1      | Reached XP level 1. HP: 13/13 MP: 2/2
   203 | D:1      | Reached XP level 2. HP: 18/18 MP: 3/3
   340 | D:1      | Found Nofudouky's One-of-a-Kind Rings.
   427 | D:1      | Reached skill level 1 in Fighting
   499 | D:1      | Reached XP level 3. HP: 14/26 MP: 4/4
   603 | D:1      | Found Faqio's Jewellery Emporium.
   716 | D:1      | Found a faded altar of an unknown god.
  1107 | D:2      | Identified the +5 whip of Welfare {flame, +Blink rC- Int+3}
  1135 | D:2      | Reached XP level 4. HP: 27/33 MP: 5/5
  1725 | D:3      | Found a sacrificial altar of Ru.
  1890 | D:3      | Noticed Grinder
  1890 | D:3      | Paralysed by Grinder for 5 turns
  1901 | D:3      | Paralysed by Grinder for 4 turns
  2006 | D:4      | Noticed Dowan
  2007 | D:4      | Noticed Duvessa
  2413 | D:4      | Noticed Sigmund
  2427 | D:4      | Killed Sigmund
  2428 | D:4      | Reached skill level 6 in Armour
  2428 | D:4      | Reached XP level 5. HP: 17/41 MP: 6/6
  2428 | D:4      | Reached XP level 6. HP: 19/47 MP: 7/7
  2597 | D:4      | Killed Dowan
  2689 | D:4      | Noticed Eustachio
  2867 | D:5      | Entered Level 5 of the Dungeon
  2901 | D:5      | Reached XP level 7. HP: 52/52 MP: 8/8
  3012 | D:4      | Noticed Blork the orc
  3025 | D:4      | Killed Blork the orc
  3340 | D:5      | Slain by an ogre

Illustrated notes

Levels and vault maps discovered:
D:1:      scummos_arrival_simple_crosswalls, layout_basic,
          shapermc_ecumenical_altar_gd, serial_shops, shop,
          nicolae_shop_unique_rings
D:2:      layout_rooms
D:3:      layout_loops_cross, nicolae_ru_great_annihilating_truth, uniq_grinder,
          uniq_crazy_yiuf_cottage, uniq_ijyb
D:4:      layout_basic, serial_bayou, serial_bayou_pond_d, serial_bayou_lake_a,
          serial_bayou_pond_c, serial_bayou_pond_d, uniq_duvessa,
          uniq_blork_the_orc, uniq_eustachio, uniq_sigmund
D:5:      layout_loops_ring, nemelex_diamond_rough_becter

Skill      XL: |  1  2  3  4 |
---------------+-------------+-----
Fighting       | 1 3 |  3.8
Shields        | 4 |  4.5
Armour         | 6 |  6.4
Spellcasting   | |  1.0
Ice Magic      | |  1.0
Evocations     | |  1.0

Action                   |  1- 3 |  4- 6 |  7- 9 || total
-------------------------+-------+-------+-------++-------
Melee: Dagger            |   121 |       |       ||   121
       Whip              |    11 |    69 |    17 ||    97
Throw: Dart              |       |     4 |       ||     4
  Use: Scroll            |       |     6 |     1 ||     7
       Potion            |       |     1 |     1 ||     2
 Stab: Invisible         |       |     1 |       ||     1
       Paralysed         |       |     1 |       ||     1
Armor: Chain mail        |    79 |    39 |     6 ||   124
Dodge: Dodged            |    31 |    11 |     1 ||    43
Block: Buckler           |    22 |    17 |     2 ||    41

Table legend: (Time is in decaauts)
 A = Elapsed time spent in this place.
 B = Non-inter-level travel time spent in this place.
 C = Inter-level travel time spent in this place.
 D = Time resting spent in this place.
 E = Time spent auto-exploring this place.
 F = Levels seen in this place.
 G = Mean time per level.
                   A        B        C        D        E       F      G
               +--------+--------+--------+--------+--------+-----+--------+
         Total |   3417 |   3229 |    188 |    226 |   2179 |   5 |  683.4 |
       Dungeon |   3417 |   3229 |    188 |    226 |   2179 |   5 |  683.4 |
               +--------+--------+--------+--------+--------+-----+--------+

Top non-repeatable levels by time:
     D:4: 1213 daAuts
     D:1: 1028 daAuts
     D:3: 577 daAuts
     D:2: 470 daAuts
     D:5: 128 daAuts
